Selects Armored Support Battlegroup
Construct Light Support Kompanie
Selects Superior Fire Drills
Panzerjäger Mechanized Group
Construct Mechanized Kompanie
Construct Mechanized Kompanie
Selects Flammpanzer III Medium Tank
Flammpanzer III Medium Tank
Flammpanzer III Medium Tank
Marder III Tank Destroyer
254 Reconnaissance Tractor
Marder III Tank Destroyer
Selects Command Panzer IV F Medium Tank
Marder III Tank Destroyer
Flammpanzer III Medium Tank
Marder III Tank Destroyer
Marder III Tank Destroyer
Marder III Tank Destroyer
Flammpanzer III Medium Tank
Selects Stuka Anti-tank Loiter
le.IG 18 Mechanized Group
Command Panzer IV F Medium Tank
Flammpanzer III Medium Tank
Flammpanzer III Medium Tank
Marder III Tank Destroyer
Flammpanzer III Medium Tank
Marder III Tank Destroyer
Marder III Tank Destroyer
le.IG 18 Mechanized Group
Flammpanzer III Medium Tank